 Dungeon Crawl Stone Soup version 0.26-a0-663-g36e8fdb655 (webtiles) character file.

Game seed: 8622765919141636629

6063 marklar909 the Geomancer (level 11, -10/80 HPs)
             Began as a Formicid Earth Elementalist on Oct 11, 2020.
             Was a Believer of the Shining One.
             Killed by divine providence
             ... invoked by an orc priest
              (12 damage)
             ... on level 10 of the Dungeon on Oct 12, 2020.
             The game lasted 00:39:30 (15175 turns).

marklar909 the Geomancer (FoEE)                    Turns: 15175, Time: 00:39:31

Health: -10/80     AC:  8    Str: 15    XL:     11   Next: 11%
Magic:  27/31      EV: 12    Int: 16    God:    the Shining One [**....]
Gold:   462        SH:  0    Dex: 11    Spells: 12/25 levels left

rFire    . . .     SeeInvis +   n - +1 trident
rCold    + . .     Faith    .   (no shield)
rNeg     + . .     Spirit   .   H - +1 leather armour {rC+}
rPois    +         Reflect  .   (helmet unavailable)
rElec    .         Harm     .   F - +0 cloak
rCorr    .         Rampage  .   G - +0 pair of gloves
MR       +....                  f - +0 pair of boots
Stlth    +.........             (no amulet)
HPRegen  0.23/turn              d - ring of poison resistance
MPRegen  0.22/turn              x - ring of magical power

@: glowing
A: permanent stasis, dig shafts and tunnels, four strong arms, antennae 3
a: Dig, Shaft Self, Divine Shield, Renounce Religion


You were on level 10 of the Dungeon.
You worshipped the Shining One.
The Shining One was pleased with you.
You visited 2 branches of the dungeon, and saw 11 of its levels.

You collected 462 gold pieces.

Inventory:

Hand Weapons
 n - a +1 trident (weapon)
Missiles
 l - 153 stones (quivered)
Armour
 f - a +0 pair of boots (worn)
 i - a +0 ring mail
 F - a +0 cloak (worn)
 G - a +0 pair of gloves (worn)
 H - a +1 leather armour of cold resistance (worn)
 I - a +0 troll leather armour
Jewellery
 d - a ring of poison resistance (left hand)
 h - an uncursed ring of ice
 x - a ring of magical power (right hand)
 J - an uncursed ring of see invisible {unknown}
 L - a cursed amulet of faith
Wands
 e - a wand of polymorph (5)
 g - a wand of enslavement (13)
 w - a wand of paralysis (33)
 y - a wand of flame (30)
 D - a wand of acid (8)
 K - a wand of digging (8)
Scrolls
 b - a scroll of amnesia {unknown}
 j - 3 scrolls of identify
 m - 2 scrolls of remove curse
 p - a scroll of blinking {unknown}
 q - a scroll of fog {unknown}
 t - 3 scrolls of fear
 C - a scroll of magic mapping
 E - a scroll of enchant armour {unknown}
Potions
 a - 4 potions of flight
 c - 2 potions of mutation {unknown}
 k - a potion of cancellation
 o - 2 potions of lignification
 r - 6 potions of curing
 s - 3 potions of heal wounds
 u - a potion of resistance
 v - a potion of brilliance {unknown}
 z - a potion of might {unknown}
 A - a potion of magic {unknown}
 B - a potion of ambrosia {unknown}


   Skills:
 * Level 5.5 Fighting
 * Level 4.1 Polearms
 * Level 6.1 Armour
 + Level 2.2 Dodging
 + Level 3.8 Stealth
 + Level 7.7 Spellcasting
 + Level 5.6 Conjurations
 + Level 1.7 Transmutations
 + Level 10.7 Earth Magic


You had 12 spell levels left.
You knew the following spells:

 Your Spells              Type           Power        Failure   Level
a - Sandblast             Erth           #####.       1%          1
b - Stone Arrow           Conj/Erth      ####..       1%          3
c - Lee's Rapid Deconstr  Erth           #####.....   4%          5
d - Petrify               Tmut/Erth      ####....     11%         4

Your spell library contained the following spells:

 Spells                   Type           Power        Failure   Level
 Magic Dart               Conj           ###.         1%          1
 Passwall                 Tmut/Erth      ####....     1%          2
 Conjure Flame            Conj/Fire      ###.....     13%         3
 Mephitic Cloud           Conj/Pois/Air  ##......     19%         3
 Call Imp                 Summ           #.......     21%         2
 Slow                     Hex            #.......     21%         2
 Blink                    Tloc           Unusable     N/A         2

Dungeon Overview and Level Annotations

Branches:
Dungeon (10/15)            Temple (1/1) D:7            Lair (0/6) D:10
    Orc: D:9-12

Altars:
Ashenzari
Cheibriados
Dithmenos
Elyvilon
Fedhas
Gozag
Hepliaklqana
Kikubaaqudgha
Makhleb
Nemelex Xobeh
Okawaru
Qazlal
Ru
Sif Muna
Trog
Uskayaw
Vehumet
Wu Jian
Xom
Yredelemnul
Zin
The Shining One

Annotations:
D:3 Sigmund
D:10 2 transporters


Innate Abilities, Weirdness & Mutations

You cannot be hasted, slowed, berserked, paralysed or teleported.
You can dig through walls and to a lower floor.
Your four strong arms can wield two-handed weapons with a shield.
You have a pair of large antennae on your head. (SInv)


Message History

An orc priest comes into view. It is wielding a +0 mace.
The orc priest shouts!
The orc priest calls down the wrath of Beogh upon you.
Beogh smites you!
An orc warrior comes into view. It is wielding a +0 dire flail.
A wyvern skeleton comes into view.
You extend your mandibles.
You dig through the rock wall.
The two-headed ogre hits you with a +0 giant spiked club!
* * * LOW HITPOINT WARNING * * *
The two-headed ogre hits you with a +0 giant club.
* * * LOW HITPOINT WARNING * * *
Unknown command.
You retract your mandibles.
The orc priest calls down the wrath of Beogh upon you.
Beogh smites you!
* * * LOW HITPOINT WARNING * * *
The orc priest invokes the aid of Beogh against you.
Beogh smites you!
You die...

###..≈≈≈≈...........# {
{.##..≈≈#####o.....## { .#.##.≈≈#
#......# { ##..#.### #......# {
oo{.#.# #......# ##.W#.# #......#
.#y##.# #..Z...#############
..##..## #...O..............#
..©#©..#########@..##############
#..#.........).'.................
##.##.#.########.).##############
##..#.#.# #####..........
©..##.#.# #.(##.......... ##.
#.#.######)#(.........
##.##.#.##..........###..# {
##..#.##..........# >#
###..##'##..........# #


You could see a two-headed ogre, an orc priest and a wyvern skeleton.

Vanquished Creatures
  Harold (D:9)
  Pikel (D:5)
  Joseph (D:8)
  2 guardian serpents (D:9)
  A troll (D:9)
  A meliai zombie (D:10)
  Menkaure (D:6)
  Edmund (D:6)
  A water moccasin (D:8)
  5 ice beasts
  An orc warrior (D:10)
  2 black bears
  A phantom (D:7)
  2 ogres
  4 centaurs
  2 lemures (D:5)
  Blork the orc (D:5)
  3 bullfrogs
  2 scorpions
  3 wights (D:10)
  3 howler monkeys
  2 centaur zombies
  5 orc priests
  2 bullfrog skeletons
  5 iguanas
  4 hounds
  A jelly (D:8)
  3 orc wizards (D:5)
  3 centaur skeletons
  Ijyb (D:5)
  Natasha (thrice) (D:4)
  7 worker ants
  2 hound zombies
  A howler monkey skeleton (D:5)
  15 adders
  6 shadow imps
  2 white imps (D:10)
  An ufetubus (D:10)
  An ooze (D:1)
  An adder skeleton (D:7)
  A worm (D:2)
  2 dart slugs (D:1)
  5 leopard geckos
  16 orcs
  2 ball pythons
  14 bats
  4 giant cockroaches
  9 goblins
  4 hobgoblins
  9 jackals
  5 kobolds
  A quokka (D:7)
  A ball python skeleton (D:4)
  5 frilled lizards
  2 goblin zombies (D:4)
  A jackal skeleton (D:7)
  2 quokka skeletons (D:4)
  9 rats
196 creatures vanquished.

Notes
Turn   | Place    | Note
-------+----------+-------------------------------------------
     0 | D:1      | marklar909 the Formicid Earth Elementalist began the quest
                  | for the Orb.
     0 | D:1      | Reached XP level 1. HP: 13/13 MP: 3/3
   224 | D:1      | Reached XP level 2. HP: 19/19 MP: 1/5
   314 | D:1      | Reached skill level 4 in Earth Magic
   477 | D:1      | Reached XP level 3. HP: 24/24 MP: 2/7
   573 | D:1      | Learned a level 3 spell: Stone Arrow
   913 | D:2      | Reached XP level 4. HP: 29/30 MP: 0/8
  1130 | D:2      | Reached skill level 5 in Earth Magic
  1155 | D:2      | Reached skill level 1 in Armour
  1415 | D:2      | Reached XP level 5. HP: 25/35 MP: 0/9
  2056 | D:2      | Found a bloodstained altar of Trog.
  2056 | D:2      | Found a radiant altar of Vehumet.
  2117 | D:2      | Found a shadowy altar of Dithmenos.
  2310 | D:3      | Noticed Sigmund
  3700 | D:4      | Found a shimmering altar of Xom.
  3913 | D:4      | Reached skill level 1 in Conjurations
  3913 | D:4      | Reached XP level 6. HP: 25/41 MP: 0/11
  4102 | D:4      | Found a shadowy altar of Dithmenos.
  4102 | D:4      | Noticed a shadow
  4154 | D:4      | Found a hazy altar of Hepliaklqana.
  4183 | D:4      | Found an ornate altar of the Wu Jian Council.
  4252 | D:4      | Found an iron altar of Okawaru.
  4360 | D:4      | Found a shimmering blue altar of Sif Muna.
  4405 | D:4      | Noticed Natasha
  4409 | D:4      | Killed Natasha
  4409 | D:4      | Reached skill level 6 in Earth Magic
  4581 | D:4      | Noticed Natasha
  4632 | D:4      | Killed Natasha
  4668 | D:4      | Noticed Natasha
  4819 | D:4      | Killed Natasha
  4876 | D:5      | Entered Level 5 of the Dungeon
  5097 | D:5      | Reached XP level 7. HP: 42/46 MP: 9/13
  5828 | D:5      | Reached skill level 1 in Fighting
  5828 | D:5      | Reached skill level 7 in Earth Magic
  6091 | D:5      | Reached XP level 8. HP: 54/54 MP: 0/15
  6436 | D:5      | Found an ornate altar of the Wu Jian Council.
  6802 | D:5      | Noticed Pikel
  6823 | D:5      | Killed Pikel
  6823 | D:5      | Reached skill level 5 in Spellcasting
  6823 | D:5      | Reached skill level 8 in Earth Magic
  7451 | D:5      | Noticed Ijyb
  7464 | D:5      | Killed Ijyb
  7464 | D:5      | Reached XP level 9. HP: 62/62 MP: 0/17
  7599 | D:5      | Noticed Blork the orc
  7605 | D:5      | Killed Blork the orc
  8406 | D:6      | Reached skill level 1 in Polearms
  8573 | D:6      | Noticed Edmund
  8589 | D:6      | Killed Edmund
  8952 | D:6      | Noticed Menkaure
  8957 | D:6      | Killed Menkaure
  8957 | D:6      | Reached skill level 9 in Earth Magic
  9028 | D:6      | Found a burning altar of Makhleb.
  9241 | D:6      | Found a white marble altar of Elyvilon.
  9242 | D:6      | Found a glowing silver altar of Zin.
  9246 | D:6      | Found a sacrificial altar of Ru.
  9798 | D:7      | Found a staircase to the Ecumenical Temple.
  9808 | Temple   | Entered the Ecumenical Temple
 10051 | Temple   | Became a worshipper of the Shining One
 10509 | D:7      | Found an opulent altar of Gozag.
 10842 | D:8      | Reached XP level 10. HP: 68/71 MP: 1/20
 11153 | D:8      | Noticed Joseph
 11422 | D:7      | Learned a level 5 spell: Lee's Rapid Deconstruction
 11427 | D:7      | Learned a level 4 spell: Petrify
 11450 | D:8      | Killed Joseph
 11450 | D:8      | Reached skill level 5 in Armour
 12582 | D:9      | Reached * piety under the Shining One
 12584 | D:9      | Reached skill level 10 in Earth Magic
 12589 | D:9      | Noticed Harold
 12680 | D:9      | Killed Harold
 12872 | D:9      | Noticed a guardian serpent
 12877 | D:9      | Killed a guardian serpent
 12877 | D:9      | Reached skill level 5 in Conjurations
 12955 | D:9      | Reached skill level 5 in Fighting
 13459 | D:9      | Noticed a guardian serpent
 13465 | D:9      | Killed a guardian serpent
 14043 | D:10     | Entered Level 10 of the Dungeon
 14043 | D:10     | Found a transporter.
 14192 | D:10     | Reached XP level 11. HP: 80/80 MP: 20/22
 14701 | D:10     | Reached ** piety under the Shining One
 14703 | D:10     | Noticed a manticore
 14720 | D:10     | Found a transporter.
 14929 | D:10     | Found a staircase to the Lair.
 15109 | D:10     | Noticed a two-headed ogre
 15174 | D:10     | HP: 2/80 [orc priest/divine providence (11)]
 15175 | D:10     | Killed from afar by an orc priest

Illustrated notes

Levels and vault maps discovered:
D:1:      eino_arrival_tree_alley, layout_rooms
D:2:      layout_rooms, amethyst_overflow_temple_binary, grunt_dithmenos_smoke
D:3:      layout_basic, minmay_fractal_squares_gapless_5, uniq_sigmund
D:4:      layout_basic, riverfiend_overflow_shadow_ancestor,
          nicolae_overflow_hidden_temple, enter_ossuary_4,
          corexii_item_surrounded_by_moat, lemuel_altar_in_water2, uniq_natasha
D:5:      layout_basic, lemuel_altar_in_water, uniq_pikel, uniq_ijyb,
          uniq_blork_the_orc
D:6:      layout_loops_ring, minitemple, overflow_temple_1_default,
          uniq_menkaure, uniq_edmund
D:7:      layout_cave_pools, nicolae_gozag_cash_rules_everything_around_me,
          minmay_temple_entry_junction
D:8:      layout_layer_cave, enter_bailey_2, chequers_decorated_corner,
          uniq_joseph
D:9:      nrook_guardian_serpent_snake_passage, layout_rooms, uniq_harold
D:10:     gammafunk_the_bubble [the_bubble_gammafunk_crates], layout_basic,
          lair_entry_dummy, uniq_grum
Temple:   jpeg_temple_alley_garden

Skill      XL: |  1  2  3  4  5  6  7  8  9 10 11 |
---------------+----------------------------------+-----
Earth Magic    | 4 5 6 7 8 9 10 | 10.7
Spellcasting   | 3 4 5 6 7 |  7.7
Armour         | 1 2 3 4 5 6 |  6.1
Conjurations   | 1 2 3 4 5 |  5.6
Dodging        | 2 |  2.2
Stealth        | 3 |  3.8
Fighting       | 1 2 3 5 |  5.5
Polearms       | 2 3 4 |  4.1
Transmutations | |  1.7

Action                   |  1- 3 |  4- 6 |  7- 9 | 10-12 || total
-------------------------+-------+-------+-------+-------++-------
Melee: Unarmed           |     5 |     3 |     4 |       ||    12
       Trident           |       |       |    18 |     7 ||    25
 Cast: Sandblast         |    39 |    51 |    23 |    13 ||   126
       Stone Arrow       |       |    60 |   138 |   111 ||   309
       Petrify           |       |       |       |     9 ||     9
 Abil: Dig               |       |     6 |     4 |     9 ||    19
  Use: Scroll            |       |     2 |     7 |     2 ||    11
       Potion            |       |     2 |       |       ||     2
 Stab: Sleeping          |       |       |     1 |       ||     1
Armor: Robe              |     1 |    18 |     7 |       ||    26
       Ring mail         |     3 |     4 |    24 |     1 ||    32
       Leather armour    |       |       |       |     7 ||     7
Dodge: Dodged            |    15 |    41 |    51 |    29 ||   136

Table legend: (Time is in decaauts)
 A = Elapsed time spent in this place.
 B = Non-inter-level travel time spent in this place.
 C = Inter-level travel time spent in this place.
 D = Time resting spent in this place.
 E = Time spent auto-exploring this place.
 F = Levels seen in this place.
 G = Mean time per level.
                   A        B        C        D        E       F      G
               +--------+--------+--------+--------+--------+-----+--------+
         Total |  15212 |  14349 |    863 |   3529 |   8417 |  11 | 1382.9 |
       Dungeon |  14939 |  14173 |    766 |   3529 |   8245 |  10 | 1493.9 |
        Temple |    272 |    175 |     97 |      0 |    172 |   1 |  272.0 |
               +--------+--------+--------+--------+--------+-----+--------+

Top non-repeatable levels by time:
     D:5: 2531 daAuts
     D:4: 1980 daAuts
     D:8: 1519 daAuts
     D:9: 1435 daAuts
     D:7: 1371 daAuts
     D:6: 1321 daAuts
     D:3: 1306 daAuts
     D:1: 1202 daAuts
     D:2: 1138 daAuts
    D:10: 1132 daAuts
  Temple: 272 daAuts
